Map: King's Cove LE

Players

poor - Winner!

  • Race: Zerg Zerg
  • League: Diamond
  • Spawn Location: 11:00

wootwoot

  • Race: Protoss Protoss
  • League: Diamond
  • Spawn Location: 5:00

VOD

Have the link to the VOD?

Description

Time

  • Played on: April 2, 2025, 11:54 p.m.
  • Length: 11:28
Show
View Real Time Build Order
Export as new Build Order

poor Zerg - Winner!

Build Orders: Hatch First, Zergling Baneling 

Get SALT Encoding   

  12  0:02  Drone  
  13  0:12  Overlord  
  13  0:18  Drone  
  14  0:32  Drone x2  
  16  0:35  Drone  
  17  0:52  Hatchery  
  17  0:55  Drone  
  17  0:58  Drone  
  18  1:09  Extractor  
  17  1:14  Spawning Pool  
  17  1:16  Drone  
  17  1:21  Drone  
  18  1:29  Drone  
  19  1:42  Drone  
  20  1:51  Overlord  
  20  2:06  Queen x2  
  20  2:08  Zergling x4  
  26  2:13  Metabolic Boost  
  26  2:15  Zergling x2  
  27  2:18  Zergling x2  
  28  2:27  Zergling x4  
  30  2:34  Zergling x2  
  30  2:36  Baneling Nest  
  30  2:40  Extractor  
  29  2:46  Drone  
  29  2:50  Zergling x4  
  32  2:55  Overlord  
  32  2:58  Zergling x2  
  33  3:06  Zergling x2  
  33  3:10  Zergling x2  
  35  3:16  Zergling x6  
  38  3:38  Baneling x8  
  38  3:39  Baneling x2  
  38  3:41  Zergling x2  
  39  3:42  Zergling x2  
  39  3:45  Zergling x2  
  41  3:48  Zergling x2  
  42  3:56  Overlord  
  35  4:04  Zergling x2  
  35  4:09  Drone x2  
  35  4:23  Drone x2  
  35  4:30  Drone  
  35  4:31  Drone x3  
  33  4:42  Drone x3  
  33  4:43  Drone  
  35  4:48  Drone x2  
  35  4:52  Drone  
  38  4:53  Drone  
  38  4:56  Drone  
  38  4:58  Drone  
  41  5:01  Drone  
  41  5:05  Spore Crawler  
  41  5:08  Spore Crawler  
  40  5:15  Queen  
  40  5:18  Drone  
  43  5:27  Overlord  
  43  5:33  Spore Crawler, Queen  
  45  5:47  Drone x3  
  45  5:48  Drone x4  
  52  5:51  Drone, Extractor  
  52  5:52  Extractor  
  51  6:00  Queen, Evolution Chamber  
  52  6:17  Overlord  
  52  6:18  Hatchery, Overlord x2  
  51  6:27  Drone  
  51  6:31  Lair  
  52  6:41  Zergling x2  
  52  6:42  Zergling x20  
  52  6:45  Queen  
  65  6:52  Overlord  
  65  6:53  Drone x2  
  67  6:56  Zerg Missile Weapons Level 1  
  67  7:18  Drone  
  67  7:19  Drone x8  
  76  7:29  Overlord  
  76  7:33  Overlord x2  
  76  7:37  Hydralisk Den  
  76  7:39  Evolution Chamber  
  73  7:44  Overlord x2  
  70  8:02  Drone, Overlord  
  66  8:07  Hydralisk  
  66  8:08  Hydralisk x6  
  66  8:11  Zerg Ground Armor Level 1  
  78  8:15  Hydralisk x4  
  86  8:20  Hydralisk, Grooved Spines  
  86  8:23  Hydralisk  
  86  8:26  Hydralisk  
  92  8:29  Hydralisk  
  92  8:30  Hydralisk  
  92  8:33  Hydralisk  
  98  8:38  Hydralisk x2  
  102  8:42  Hydralisk  
  102  8:46  Hydralisk  
  102  8:48  Hydralisk  
  106  8:50  Overlord  
  106  9:02  Zergling x2  
  99  9:03  Zergling x10  
  99  9:08  Zergling x8  
  94  9:17  Hydralisk x4  
  88  9:20  Zergling x2  
  97  9:29  Hydralisk  
  97  9:30  Hydralisk x4  
  86  9:39  Hydralisk x3  
  90  9:46  Hydralisk x2  
  90  9:47  Hydralisk  
  95  9:59  Hydralisk  
  95  10:00  Hydralisk x4  
  95  10:01  Hydralisk  
  107  10:08  Hydralisk  
  107  10:13  Hydralisk x2  
  113  10:18  Pneumatized Carapace  
  113  10:20  Muscular Augments  
  113  10:32  Hydralisk x4  
  121  10:35  Overlord x2  
Show
View Real Time Build Order
Export as new Build Order

wootwoot Protoss 

Build Orders: 1 Gate Expand 

Get SALT Encoding   

  12  0:00  Probe  
  13  0:12  Probe  
  14  0:22  Pylon  
  14  0:24  Probe  
  15  0:36  Probe  
  16  0:44  Gateway, Probe  
  16  0:49  Assimilator  
  17  0:55  Probe  
  18  1:07  Probe  
  19  1:19  Probe  
  20  1:30  Nexus  
  20  1:41  Cybernetics Core  
  20  1:47  Assimilator  
  20  1:49  Probe  
  21  1:57  Probe  
  21  1:58  Pylon  
  21  2:05  Probe  
  21  2:07  Adept  
  25  2:24  Stargate  
  25  2:27  Warp Gate  
  25  2:31  Probe  
  26  2:42  Probe  
  26  2:43  Probe  
  28  2:53  Twilight Council  
  28  2:54  Probe  
  28  2:56  Probe  
  30  3:07  Void Ray  
  34  3:14  Probe  
  34  3:17  Probe  
  36  3:26  Probe  
  37  3:29  Charge, Probe  
  38  3:38  Probe  
  39  3:41  Probe  
  40  3:50  Probe  
  40  3:53  Void Ray, Probe  
  42  3:56  Gateway  
  25  4:10  Gateway  
  15  4:44  Probe  
  15  4:57  Probe  
  16  5:06  Probe  
  18  5:14  Probe  
  18  5:23  Probe  
  18  5:27  Probe  
  19  5:31  Probe  
  21  5:36  Probe  
  21  5:41  Probe  
  22  5:48  Probe  
  23  5:53  Probe  
  25  6:00  Probe  
  25  6:04  Probe  
  26  6:08  Probe  
  27  6:12  Probe  
  27  6:16  Probe  
  29  6:20  Probe  
  29  6:25  Probe  
  31  6:31  Probe  
  33  6:33  Probe  
  34  6:41  Probe  
  34  6:43  Probe  
  34  6:44  Zealot  
  38  6:52  Probe x2  
  39  7:00  Probe  
  40  7:04  Probe  
  42  7:10  Probe  
  42  7:14  Gateway  
  42  7:15  Gateway  
  43  7:16  Gateway, Probe  
  43  7:19  Gateway  
  43  7:22  Probe  
  45  7:24  Pylon  
  45  7:29  Probe  
  46  7:34  Gateway  
  46  7:42  Probe x2  
  48  7:45  Zealot x2  
  48  7:50  Gateway  
  47  8:09  Zealot x3  
  52  8:13  Pylon  
  52  8:19  Pylon  
  52  8:25  Gateway  
  52  8:26  Zealot  
  54  8:28  Pylon x2  
  54  8:32  Zealot x2  
  58  8:34  Zealot  
  58  8:39  Zealot  
  62  8:43  Zealot  
  62  8:44  Zealot  
  66  8:50  Zealot  
  68  8:57  Zealot x3  
  74  9:06  Zealot x2  
  64  9:17  Zealot x4  
  56  9:22  Zealot  
  64  9:28  Zealot x2  
  62  9:33  Zealot x2  
  50  9:42  Zealot x2  
  50  9:50  Zealot x3  
  46  9:54  Zealot  
  46  9:57  Zealot  
  44  10:01  Zealot  
  44  10:02  Zealot  
  44  10:05  Zealot  
  50  10:10  Zealot  
  50  10:11  Zealot  
  54  10:15  Zealot  
  54  10:18  Zealot  
  54  10:21  Zealot  
  60  10:32  Zealot x3  
  66  10:37  Zealot x2  
  70  10:43  Zealot x2  
  74  10:59  Zealot x5  
  74  11:07  Zealot  
  68  11:13  Zealot  
  68  11:14  Zealot x2  
Tags
 
Add a new tag
Caveats
  • Supply blocks, unpowered buildings, or Contaminate may cause inaccurate times.
  • Supply counts are checked every 10 seconds.